 Dungeon Crawl Stone Soup version 0.30-b1-2-g02819fbbbe (webtiles) character file.

Game seed: 18411668606060405098

(classic levelgen) 260 EnegeticOcto the Chopper (level 5, -1/47 HPs)
             Began as a Minotaur Fighter on May 9, 2023.
             Was a Follower of Ru.
             Slain by an ogre
             ... wielding a +0 giant club
              (25 damage)
             ... on level 4 of the Dungeon.
             The game lasted 00:01:38 (2688 turns).

EnegeticOcto the Chopper (Minotaur Fighter)         Turns: 2688, Time: 00:01:38

Health: -1/47      AC:  7    Str: 23    XL:     5   Next: 95%
Magic:  4/4        EV:  9    Int:  5    God:    Ru [*.....]
Gold:   259        SH:  4    Dex:  9    Spells: 4/4 levels left

rFire   . . .        a - +0 war axe (drain)
rCold   . . .        c - +0 buckler
rNeg    . . .        b - +0 scale mail
rPois   .            (helmet restricted)
rElec   .            (no cloak)
rCorr   .            (no gloves)
SInv    .            (no boots)
Will    .....        (no amulet) Stlth
                     (no ring)
HPRegen 0.27/turn    (no ring)
MPRegen 0.09/turn

%: no passive effects
@: no status effects
A: horns 2, inability to train dodging, retaliatory headbutt
a: Renounce Religion


You were on level 4 of the Dungeon.
You worshipped Ru.
Ru was aware of your devotion.
You visited 1 branch of the dungeon, and saw 4 of its levels.

You collected 259 gold pieces.

Inventory:

Hand Weapons
 a - a +0 war axe of draining (weapon)
Armour
 b - a +0 scale mail (worn)
 c - a +0 buckler (worn)
Jewellery
 n - an amulet of reflection
   (You found it on level 2 of the Dungeon)
Wands
 j - a wand of quicksilver (8) {@v1}
   (You found it on level 4 of the Dungeon)
Scrolls
 f - a scroll of magic mapping {@r5}
 h - a scroll of silence
 i - 4 scrolls of teleportation {@r3}
 l - a scroll of fear {unknown}
Potions
 d - 3 potions of might {@q3}
 e - a potion of ambrosia
 g - 2 potions of invisibility
 k - 3 potions of flight {unknown}
 o - a potion of attraction {unknown}
 p - 2 potions of magic {unknown}
 q - 2 potions of curing {unknown}


   Skills:
 + Level 4.8 Fighting
 * Level 5.1 Axes
 + Level 4.8 Armour
 + Level 4.8 Shields


You had 4 spell levels left.
You didn't know any spells.
Your spell library was empty.

Dungeon Overview and Level Annotations

Branches:
Dungeon (4/15)
 Temple: D:4-7

Altars:
Cheibriados
Ru

Shops:
D:2 *

Annotations:
D:4 Blork the orc


Innate Abilities, Weirdness & Mutations

You have a pair of horns on your head.
You cannot train Dodging skill.
You reflexively headbutt those who attack you in melee.


Message History

An orc comes into view. It is wielding a +0 mace.
The orc shouts! x2
You slash the orc!
You kill the orc!
An orc comes into view. It is wielding a +0 spear.
Found a club.
The orc hits you but does no damage.
You see here a +0 hand axe.
You slash the orc!
You kill the orc!
The orc hits you from afar with a +0 spear.
The orc hits you with a +0 dagger. The orc hits you but does no damage.
Things that are here:
a +0 mace; a +0 leather armour; an orc corpse You slash the orc!
You kill the orc!
You block the orc's attack. The orc closely misses you.
You furiously retaliate!
You headbutt the orc!
You kill the orc!
No target in view!
No target in view!
No target in view!
No target in view!
No target in view!
No target in view!
No target in view!
HP restored.
You now have 235 gold pieces (gained 12).
Things that are here:
a +0 spear; a +0 leather armour; an orc corpse
Found a hand axe.
You see here a +0 hand axe.
Found a helmet.
A hobgoblin comes into view.
The hobgoblin shouts!
A hobgoblin is nearby!
A hobgoblin is nearby!
A hobgoblin is nearby!
A hobgoblin is nearby!
The hobgoblin hits you but does no damage.
You barely miss the hobgoblin. Your headbutt misses the hobgoblin.
The hobgoblin barely misses you. You block the hobgoblin's attack.
You closely miss the hobgoblin. You block the hobgoblin's attack.
You completely miss the hobgoblin. You headbutt the hobgoblin.
You kill the hobgoblin!
No target in view!
No target in view!
No target in view!
No target in view!
No target in view!
A black bear comes into view.
The black bear growls angrily.
A black bear is nearby!
A black bear is nearby!
A black bear is nearby!
The black bear completely misses you. The black bear misses you.
The black bear barely misses you.
You slash the black bear! You drain the black bear.
The black bear is severely wounded.
The black bear misses you. You block the black bear's attack.
The black bear barely misses you.
You hit the black bear but do no damage.
The black bear is severely wounded.
The black bear completely misses you. The black bear claws you.
The black bear claws you but does no damage.
You block the black bear's attack. x2
The black bear claws you but does no damage.
You slash the black bear!
You kill the black bear!
Your Axes skill increases to level 5!
No target in view!
No target in view!
No target in view!
No target in view!
You now have 248 gold pieces (gained 13).
You see here a black bear corpse.
You see here a black bear corpse.
There is a shaft here.
Found a stone staircase leading up.
l - a scroll labelled GAAXZA DIED You now have 253 gold pieces (gained 5).
You now have 259 gold pieces (gained 6).
An ogre and an orc come into view.
The ogre shouts!
The orc shouts!
The orc moves out of view.
An ogre is nearby!
Blork the orc comes into view.
He is wielding a +0 glaive and wearing a +1 robe of positive energy.
Blork the orc gestures wildly while chanting.
Blork the orc seems to speed up.
The orc hits you with a +0 short sword. The ogre barely misses you.
You barely miss the ogre. You hit the orc. You drain the orc.
You kill the orc!
The ogre hits you with a +0 giant club!
You slash the ogre! You drain the ogre. Your headbutt misses the ogre.
The ogre is severely wounded.
Blork the orc hits you from afar with a +0 glaive.
You block Blork the orc's attack.
A worm comes into view.
The ogre hits you with a +0 giant club!!
Ouch! That really hurt!
You die...

##.#...#..##.#
..........##.######
####...#..##.##...#
##<##..........#
#.##.###.##...#
#.##.....###.##
#+######## #.# #.#
#@# #)O# #..o.
....... ###...###
#.w## #.. #.#


You could see Blork the orc (fast), an ogre (drained) and a worm.

Vanquished Creatures
  A black bear (D:4)
  A hound (D:3)
  Terence (D:3)
  An adder (D:3)
  4 gnolls (D:2)
  A worm (D:3)
  3 dart slugs
  10 orcs
  4 giant cockroaches
  6 goblins
  7 hobgoblins
  2 quokkas
  4 ball pythons
  4 bats
  3 kobolds
  4 rats (D:1)
56 creatures vanquished.

Vanquished Creatures (others)
  3 demonic plants (D:1)
  4 toadstools (D:3)
  2 withered plants (D:1)
9 creatures vanquished.

Grand Total: 65 creatures vanquished

Notes
Turn   | Place    | Note
-------+----------+-------------------------------------------
     0 | D:1      | EnegeticOcto the Minotaur Fighter began the quest for the
                  | Orb.
     0 | D:1      | Reached XP level 1. HP: 19/19 MP: 0/0
   283 | D:1      | Reached XP level 2. HP: 27/27 MP: 1/1
   304 | D:1      | Found a faded altar of an unknown god.
   424 | D:1      | Reached skill level 3 in Axes
   429 | D:1      | Prayed at the altar of an unknown god.
   429 | D:1      | Became a worshipper of Ru the Awakened
   452 | D:1      | Gained mutation: You cannot train Dodging skill. [Ru
                  | sacrifice]
   452 | D:1      | Reached * piety under Ru
   575 | D:2      | Found Zoohiucloe's General Store.
   732 | D:2      | Identified the +1 robe of Sif Muna's Delight {Int+4 Dex+4
                  | SInv}
   741 | D:2      | Reached XP level 3. HP: 18/33 MP: 2/2
  1404 | D:2      | Reached XP level 4. HP: 38/40 MP: 3/3
  1782 | D:3      | Noticed Terence
  1787 | D:3      | Killed Terence
  1788 | D:3      | Reached skill level 4 in Axes
  2032 | D:3      | Identified the +7 spear "Neuxal" {heavy, Fly rElec Will+
                  | Dex+2}
  2061 | D:3      | Reached XP level 5. HP: 41/47 MP: 4/4
  2223 | D:3      | Found a snail-covered altar of Cheibriados.
  2620 | D:4      | Noticed a black bear
  2626 | D:4      | Killed a black bear
  2627 | D:4      | Reached skill level 5 in Axes
  2683 | D:4      | Noticed an ogre
  2684 | D:4      | Noticed Blork the orc
  2688 | D:4      | Slain by an ogre

Illustrated notes

Levels and vault maps discovered:
D:1:      mrwooster_arrival_statue_3, layout_loops_cross,
          shapermc_ecumenical_altar_gd, minmay_misc_feat_diagonals
D:2:      layout_basic, serial_shops, nicolae_shop_tiny_statue_garden,
          kennysheep_generic_room_8
D:3:      layout_loops_cross, mainiacjoe_overflow_catwalk,
          minmay_gold_behind_fungi, uniq_terence
D:4:      layout_loops_corners, mainiacjoe_overflow_alcove_2,
          minmay_temple_entry_mist, roderic_roman_lattice, uniq_blork_the_orc

Skill      XL: |  1  2  3  4  5 |
---------------+----------------+-----
Axes           | 3 4 5 |  5.1
Fighting       | 4 |  4.8
Armour         | 4 |  4.8
Shields        | 4 |  4.8

Action                     |  1- 3 |  4- 6 || total
---------------------------+-------+-------++-------
  Melee: War axe           |    59 |    46 ||   105
         Headbutt          |     6 |     5 ||    11
 Invoke: Sacrifice Nimblen |     1 |       ||     1
    Use: Scroll            |       |    12 ||    12
 Armour: Scale mail        |    21 |    18 ||    39
  Dodge: Dodged            |    31 |    20 ||    51
  Block: Buckler           |    13 |    15 ||    28
